AoeStats
← bullseyes

African Clearing

505851399Analyzed
4v4 RM · 21d ago on Sep 11, 2026· 32m 12s· 8 players
Game mode
Random Map
Map size
Large (8 player)
Population
200
Speed
Normal
Resources
Standard
Victory
Conquest
Starting age
Dark Age
Ending age
Imperial Age
RankedLock teamsTeams togetherTeam positionsShared explorationLock speedFull tech treeHidden civsTurbo modeCheats
Victory
Defeat
🇨🇳 Mongols · China
1599
+10
🇧🇪 Japanese · Belgium
1596
+10
🇨🇳 Magyars · China
1584
+11
🇨🇳 Koreans · China
1568
+11
🇨🇳 Jurchens · China
1527
-12
🇨🇳 Persians · China
1515
-12
🇨🇳 Cumans · China
1434
-10
1383
-8
ty
9:28 Loom
12:11 Feudal Age
12:55 Double-Bit Axe
17:06 Town Watch
17:41 Fletching
24:38 Castle Age
25:37 Bodkin Arrow
kibou
12:36 Feudal Age
12:22 Loom
14:22 Double-Bit Axe
17:49 Forging
18:15 Horse Collar
22:54 Castle Age
22:12 Scale Barding Armor
23:06 Light Cavalry
23:56 Bloodlines
23:47 Husbandry
24:37 Chain Barding Armor
30:22 Iron Casting
小白
4:11 Loom
20:28 Feudal Age
24:06 Castle Age
22:07 Double-Bit Axe
23:39 Scale Barding Armor
23:27 Stone Mining
24:32 Bloodlines
25:56 Husbandry
28:50 Bow Saw
29:01 Horse Collar
bullseyes
5:25 Loom
12:10 Feudal Age
16:58 Castle Age
14:58 Double-Bit Axe
15:44 Fletching
23:23 Wheelbarrow
BsqfslY
13:25 Feudal Age
11:43 Loom
15:47 Town Watch
19:31 Castle Age
17:28 Double-Bit Axe
29:46 Fletching
31:21 Bodkin Arrow
Mr.Robin
11:51 Loom
13:56 Feudal Age
18:06 Castle Age
17:17 Double-Bit Axe
19:31 Fletching
25:28 Bodkin Arrow
26:09 Padded Archer Armor
28:06 Bow Saw
哭稀饭(2125613428)
3:21 Loom
12:50 Feudal Age
17:04 Castle Age
14:58 Double-Bit Axe
16:29 Gold Mining
18:15 Bow Saw
18:51 Wheelbarrow
18:58 Scale Barding Armor
20:05 Hand Cart
28:13 Fletching
32:38 Gold Shaft Mining
执者如旗
5:08 Loom
7:42 Loom
11:39 Feudal Age
12:41 Man-at-Arms
27:14 Wheelbarrow
Connection lost

Rejoining the realm…

Still unreachable

The connection could not be restored.

Session expired

The server has moved on; the page needs a fresh start.